Map: Acropolis LE

Players

Seither

  • Race: Terran Terran
  • Spawn Location: 11:00

Solarian - Winner!

  • Race: Protoss Protoss
  • Spawn Location: 5:00

Event: NationWars 2019

VOD

Have the link to the VOD?

Description

Time

  • Played on: Sept. 29, 2019, 3:05 a.m.
  • Length: 8:15
Show
View Real Time Build Order
Export as new Build Order

Seither Terran 

Build Orders: Reaper Expand 

Get SALT Encoding   

  12  0:00  SCV  
  13  0:13  SCV  
  14  0:17  Supply Depot  
  14  0:26  SCV  
  15  0:39  SCV  
  16  0:43  Barracks  
  16  0:46  Refinery  
  16  0:51  SCV  
  17  1:03  SCV  
  18  1:15  SCV  
  19  1:30  Orbital Command, Reaper  
  20  1:45  Command Center  
  20  1:55  Supply Depot  
  20  1:56  SCV  
  21  2:02  Marine  
  22  2:08  SCV  
  22  2:11  Factory  
  23  2:19  Refinery  
  23  2:20  SCV  
  24  2:23  Barracks Reactor  
  24  2:33  SCV  
  25  2:42  Bunker  
  25  2:45  SCV  
  26  2:57  SCV  
  26  2:58  Starport  
  26  2:59  Factory Tech Lab, Orbital Command  
  26  3:01  Marine  
  26  3:03  Marine  
  28  3:09  SCV  
  29  3:18  Marine  
  30  3:20  Marine  
  30  3:21  Siege Tank  
  30  3:23  SCV  
  30  3:26  SCV  
  36  3:35  Starport Tech Lab  
  36  3:36  Marine  
  36  3:37  SCV  
  36  3:38  Marine  
  36  3:41  Supply Depot  
  39  3:44  SCV  
  40  3:50  SCV  
  40  3:53  Banshee  
  40  3:54  Marine  
  45  3:56  Marine  
  48  4:02  SCV x2  
  48  4:03  Supply Depot  
  48  4:06  Siege Tank  
  51  4:12  Marine  
  51  4:14  Marine  
  51  4:15  SCV  
  54  4:25  SCV  
  54  4:26  Barracks  
  54  4:27  Barracks, SCV  
  54  4:28  Supply Depot  
  56  4:31  Marine  
  56  4:32  Marine  
  56  4:37  SCV  
  59  4:39  SCV  
  60  4:45  Refinery  
  60  4:48  Engineering Bay  
  60  4:49  SCV  
  60  4:51  SCV, Marine x2  
  64  4:56  Supply Depot  
  64  5:01  SCV  
  64  5:02  Starport Reactor, Factory Reactor  
  64  5:03  SCV  
  66  5:12  Refinery  
  66  5:13  SCV  
  67  5:15  SCV  
  67  5:17  Supply Depot, Marine  
  67  5:18  Marine  
  67  5:20  Terran Infantry Weapons Level 1  
  70  5:22  Stimpack  
  70  5:23  Marauder x2  
  70  5:24  Supply Depot  
  70  5:25  SCV  
  70  5:27  SCV  
  76  5:36  Marine  
  76  5:37  Combat Shield, Marine  
  76  5:38  SCV  
  76  5:41  Supply Depot  
  80  5:50  Marauder x2, Medivac x2  
  80  5:53  Widow Mine  
  80  5:54  Widow Mine  
  88  5:57  Supply Depot  
  88  6:01  Marine x2  
  94  6:11  Marauder x2  
  94  6:15  Widow Mine  
  94  6:16  Widow Mine  
  98  6:18  Command Center  
  98  6:20  Supply Depot  
  98  6:23  Marine x2  
  100  6:28  Medivac x2  
  104  6:35  Barracks  
  104  6:36  SCV  
  104  6:37  Barracks  
  104  6:38  SCV  
  106  6:42  Marine x2  
  106  6:43  Supply Depot  
  106  6:45  Marauder x2  
  101  6:54  Widow Mine x2  
  101  6:56  Concussive Shells  
  101  7:07  Marine x2  
  101  7:08  Marauder  
  99  7:15  Marine  
  78  7:17  Widow Mine  
  63  7:25  Marine  
  63  7:27  Widow Mine  
  63  7:29  Marauder  
  62  7:32  Orbital Command, Marine  
  62  7:33  Marine  
  62  7:34  Medivac x2  
  64  7:38  Widow Mine  
  57  7:50  Marauder  
  57  7:51  Marauder, Marine  
Show
View Real Time Build Order
Export as new Build Order

Solarian Protoss - Winner!

Build Orders: 1 Gate Expand 

Get SALT Encoding   

  12  0:03  Probe  
  13  0:15  Probe  
  13  0:18  Pylon  
  14  0:27  Probe (Chrono Boost)  
  15  0:39  Probe (Chrono Boost)  
  15  0:40  Gateway  
  16  0:44  Probe (Chrono Boost)  
  16  0:47  Assimilator  
  17  0:53  Probe  
  18  1:05  Probe  
  19  1:17  Probe  
  20  1:24  Nexus  
  20  1:32  Cybernetics Core  
  20  1:35  Probe  
  21  1:41  Assimilator  
  20  1:47  Probe  
  20  1:51  Pylon  
  21  1:59  Probe  
  22  2:06  Stalker (Chrono Boost)  
  22  2:09  Warp Gate  
  22  2:11  Probe  
  25  2:24  Probe  
  25  2:28  Stalker  
  28  2:35  Robotics Facility  
  28  2:36  Probe  
  29  2:42  Probe  
  30  2:48  Probe  
  30  2:54  Probe  
  31  2:59  Sentry  
  31  3:00  Probe (Chrono Boost)  
  34  3:06  Probe (Chrono Boost)  
  34  3:12  Probe (Chrono Boost)  
  36  3:15  Gateway  
  36  3:16  Gateway  
  36  3:17  Probe (Chrono Boost)  
  36  3:19  Probe (Chrono Boost)  
  38  3:22  Probe (Chrono Boost), Observer (Chrono Boost)  
  38  3:26  Probe  
  40  3:27  Pylon  
  40  3:30  Assimilator  
  40  3:32  Probe  
  42  3:38  Probe  
  43  3:44  Probe  
  43  3:46  Immortal  
  48  3:50  Probe  
  49  3:56  Probe, Forge  
  49  4:01  Twilight Council  
  50  4:05  Probe  
  50  4:08  Probe  
  52  4:13  Pylon  
  52  4:17  Probe  
  53  4:27  Pylon  
  57  4:31  Protoss Ground Weapons Level 1 (Chrono Boost), Immortal  
  57  4:38  Nexus  
  57  4:42  Resonating Glaives (Chrono Boost)  
  57  4:43  Pylon  
  57  4:52  Gateway  
  57  4:56  Gateway  
  57  5:01  Gateway  
  57  5:03  Gateway  
  57  5:07  Gateway  
  57  5:17  Sentry  
  57  5:18  Sentry  
  61  5:39  Observer (Chrono Boost)  
  59  5:42  Stalker  
  59  5:43  Stalker  
  59  5:45  Probe x2  
  61  5:55  Warp Prism (Chrono Boost)  
  61  5:56  Observer  
  63  6:01  Adept x3  
  63  6:02  Adept x3  
  75  6:10  Adept x2  
  79  6:23  Adept x4  
  79  6:24  Adept x2  
  91  6:45  Adept  
  91  7:13  Adept  
  91  7:14  Adept x2  
  93  7:19  Pylon  
  93  7:20  Adept x5, Pylon  
  81  7:22  Pylon  
  73  7:44  Adept x8  
  75  7:54  Probe x3  
  74  8:04  Adept x5  
  74  8:05  Adept x2  
Tags
 
Add a new tag
Caveats
  • Supply blocks, unpowered buildings, or Contaminate may cause inaccurate times.
  • Supply counts are checked every 10 seconds.